AoeStats
← fechinoo

Arena

508382736Analyzed
4v4 RM · 10d ago on Sep 22, 2026· 36m 4s· 8 players
Game mode
Random Map
Map size
Large (8 player)
Population
200
Speed
Normal
Resources
Standard
Victory
Conquest
Starting age
Dark Age
Ending age
Imperial Age
RankedLock teamsTeams togetherTeam positionsShared explorationLock speedFull tech treeHidden civsTurbo modeCheats
Victory
Defeat
🇨🇳 Goths · China
1315
+5
🇨🇳 Teutons · China
1168
+9
🇨🇳 Spanish · China
1021
+14
🇨🇳 Slavs · China
924
+18
🇨🇳 Turks · China
1032
-12
🇨🇳 Britons · China
1027
-13
1001
-11
🇨🇳 Khmer · China
962
-10
胡乱敲键盘
12:27 Feudal Age
13:53 Loom
16:10 Castle Age
14:03 Double-Bit Axe
14:02 Horse Collar
20:48 Imperial Age
19:00 Bow Saw
22:02 Gold Mining
30:46 Gold Shaft Mining
Thats How We do action in Uganda
2:36 Loom
13:27 Feudal Age
17:21 Castle Age
15:29 Horse Collar
15:43 Double-Bit Axe
16:18 Gold Mining
19:10 Heavy Plow
19:39 Bow Saw
21:00 Wheelbarrow
21:07 Town Watch
25:12 Ballistics
25:06 Bloodlines
24:52 Fletching
25:58 Padded Archer Armor
27:26 Thumb Ring
27:40 Stone Mining
28:05 Bodkin Arrow
29:24 Hand Cart
29:47 Leather Archer Armor
38:14 Imperial Age
36:54 Gold Shaft Mining
36:26 Scale Barding Armor
NthEagle7752776
0:34 Loom
14:13 Feudal Age
16:16 Double-Bit Axe
19:23 Castle Age
17:22 Horse Collar
17:35 Gold Mining
17:58 Stone Mining
22:28 Heavy Plow
22:43 Bow Saw
27:56 Fletching
32:52 Wheelbarrow
33:41 Murder Holes
33:58 Fortified Wall
choochoo
6:41 Loom
12:15 Feudal Age
12:48 Double-Bit Axe
12:45 Horse Collar
18:33 Castle Age
19:26 Bow Saw
19:47 Heavy Plow
30:20 Ballistics
32:35 Imperial Age
30:24 Bloodlines
31:42 Light Cavalry
33:49 Double Crossbow
34:38 Crop Rotation
83716497273
11:21 Feudal Age
14:55 Castle Age
12:43 Double-Bit Axe
12:55 Horse Collar
16:07 Bow Saw
15:57 Heavy Plow
19:31 Wheelbarrow
22:26 Gold Mining
24:05 Gold Shaft Mining
25:09 Stone Mining
28:32 Imperial Age
26:47 Loom
26:31 Man-at-Arms
27:11 Squires
27:13 Scale Mail Armor
27:23 Forging
27:30 Long Swordsman
28:27 Chain Mail Armor
29:09 Hand Cart
28:37 Capped Ram
29:54 Iron Casting
29:42 Siege Engineers
30:11 Plate Mail Armor
29:07 Two-Handed Swordsman
31:11 Two-Man Saw
30:54 Crop Rotation
30:13 Siege Ram
31:07 Champion
34:30 Blast Furnace
33:38 Druzhina
34:17 Conscription
34:19 Town Watch
35:42 Town Patrol
Dreamblack
10:41 Feudal Age
12:25 Double-Bit Axe
14:53 Castle Age
12:50 Horse Collar
20:08 Bow Saw
21:45 Loom
22:58 Scale Mail Armor
24:52 Chain Mail Armor
26:23 Forging
28:51 Wheelbarrow
29:18 Iron Casting
28:33 Fletching
29:33 Anarchy
30:01 Squires
32:39 Town Watch
34:58 Hand Cart
38:30 Imperial Age
fechinoo
13:11 Feudal Age
14:13 Double-Bit Axe
14:29 Horse Collar
17:14 Castle Age
16:38 Padded Archer Armor
16:54 Bloodlines
18:37 Heavy Plow
18:50 Bow Saw
22:44 Leather Archer Armor
23:37 Gold Mining
24:33 Husbandry
32:23 Wheelbarrow
32:20 Stone Mining
37:04 Imperial Age
37:28 Imperial Age
35:13 Hand Cart
36:45 Stone Shaft Mining
Otto der Große
11:14 Feudal Age
14:58 Castle Age
12:52 Horse Collar
13:55 Double-Bit Axe
16:47 Bow Saw
21:18 Wheelbarrow
22:16 Heavy Plow
29:09 Imperial Age
26:26 Loom
26:56 Hand Cart
26:24 Man-at-Arms
26:25 Pikeman
27:05 Squires
26:50 Gambesons
26:51 Arson
27:13 Scale Mail Armor
27:36 Forging
27:15 Gambesons
27:31 Squires
27:32 Long Swordsman
29:32 Iron Casting
29:12 Chain Mail Armor
29:33 Iron Casting
29:16 Chain Mail Armor
29:29 Gold Mining
29:34 Stone Mining
29:11 Two-Handed Swordsman
29:11 Halberdier
30:17 Conscription
29:55 Town Watch
31:17 Two-Man Saw
31:42 Blast Furnace
31:23 Crop Rotation
32:01 Chemistry
31:18 Champion
33:15 Ironclad
34:13 Stone Shaft Mining
34:02 Siege Engineers
33:20 Onager
34:15 Masonry
34:18 Fortified Wall
34:49 Town Patrol
35:10 Siege Onager
Connection lost

Rejoining the realm…

Still unreachable

The connection could not be restored.

Session expired

The server has moved on; the page needs a fresh start.